 Dungeon Crawl Stone Soup version 0.17-a0-155-g14e20c2 (webtiles) character file.

234 xeno23 the Magician (level 5, -4/41 HPs)
             Began as a Draconian Wizard on Mar 25, 2015.
             Slain by Duvessa
             ... wielding a +0 rapier
              (12 damage)
             ... on level 4 of the Dungeon.
             The game lasted 00:18:33 (3179 turns).

xeno23 the Magician (Draconian Wizard)              Turns: 3179, Time: 00:18:33

Health: -4/41      AC:  5    Str: 10    XL:     5   Next: 75%
Magic:  1/11       EV: 12    Int: 19    God:
Gold:   244        SH:  0    Dex:  9    Spells: 4 memorised, 3 levels left

rFire  + . .     SeeInvis .     q - +0 spear
rCold  x . .     Clarity  .     (armour unavailable)
rNeg   . . .     SustAb   .     (no shield)
rPois  .         Gourm    .     b - +0 hat
rElec  .         Spirit   .     (no cloak)
rCorr  .         Warding  .     (no gloves)
rMut   .         Stasis   .     (no boots)
MR     .....                    h - amulet of regeneration
Stlth  +.........               (no ring)
                                x - ring of fire

@: glowing, not resistant to hostile enchantments, very unstealthy
A: unfitting armour, cold-blooded, AC +5
a: no special abilities


You were on level 4 of the Dungeon.
You were not hungry.

You visited 1 branch of the dungeon, and saw 4 of its levels.

You collected 244 gold pieces.

Inventory:

Hand weapons
 q - a +0 spear (weapon)
Missiles
 l - 22 stones (quivered)
 t - a throwing net
Armour
 b - a +0 hat (worn)
Jewellery
 h - an amulet of regeneration (around neck)
 x - a ring of fire (left hand)
Magical devices
 o - a wand of polymorph (13)
Scrolls
 e - a scroll of fear {unknown}
 f - a scroll of teleportation {unknown}
 g - 6 scrolls of identify {unknown}
 k - 6 scrolls of remove curse {unknown}
 n - 2 scrolls of blinking {unknown}
 v - a scroll of magic mapping {unknown}
 y - a scroll of enchant weapon {unknown}
 z - a scroll of random uselessness {unknown}
Potions
 i - 3 potions of curing {unknown}
 p - a potion of brilliance {unknown}
 r - a potion of heal wounds {unknown}
 s - a potion of ambrosia {unknown}
 u - a potion of agility {unknown}
 A - a potion of restore abilities {unknown}
Books
 c - a book of Minor Magic

   Spells                             Type                      Level
   a - Magic Dart                     Conjuration                  1
   b - Blink                          Translocation                2
   c - Call Imp                       Summoning                    2
   d - Repel Missiles                 Charms/Air                   2
   e - Slow                           Hexes                        2
   f - Conjure Flame                  Conjuration/Fire             3
   g - Mephitic Cloud                 Conjuration/Poison/Air       3
Comestibles
 a - 2 beef jerkies
 d - 3 bread rations
 j - 3 meat rations
 m - a royal jelly
 B - a slice of pizza


   Skills:
 * Level 2.1 Fighting
 + Level 2.8 Dodging
 + Level 2.2 Stealth
 * Level 3.5 Spellcasting
 * Level 2.4 Conjurations
 * Level 2.6 Summonings
 - Level 1.0 Translocations
 * Level 1.4 Fire Magic


You had 3 spell levels left.
You knew the following spells:

 Your Spells              Type           Power        Failure   Level  Hunger
a - Magic Dart            Conj           ##..         8%          1    None
b - Blink                 Tloc           N/A          17%         2    ##.....
c - Call Imp              Summ           ##......     10%         2    ##.....
d - Conjure Flame         Conj/Fire      ###.....     21%         3    ###....


Dungeon Overview and Level Annotations

Branches:
Dungeon (4/15)
 Temple: D:4-7

Altars:
Qazlal
Sif Muna
Yredelemnul
Zin
The Shining One

Annotations:
D:4 Duvessa, Menkaure


Innate Abilities, Weirdness & Mutations

Your plain brown scales are hard (AC +5).
Your body does not fit into most forms of armour.
You are cold-blooded and may be slowed by cold attacks.


Message History

Dowan is almost dead.
Casting: Magic Dart
Confirm with . or Enter, or press ? or * to list all spells.
Aiming: Magic Dart
Press: ? - help, Shift-Dir - straight line, f/p - Dowan
Aim: Dowan, wielding a vampiric dagger and wearing a robe (almost dead)
The magic dart hits Dowan.
You kill Dowan!
You hear a distant scream of rage.
Duvessa goes berserk!
Duvessa hits you with a rapier!
* * * LOW HITPOINT WARNING * * *
Items here: $ ) [ † a vampiric dagger; a robe; 14 gold pieces; the elf corpse of Dowan
Casting: Magic Dart
Confirm with . or Enter, or press ? or * to list all spells.
You blink.
Duvessa hits you but does no damage.
Menkaure shouts!
Duvessa hits you with a rapier!
You die...

................. ..#.)
......M..##########.#)#
.........# #....#.#.#
.........# #.##.#.#.#
#####.#.# #.##.#.#(#
#.#.#####.##.#.#(#
#######.#....##.##.#.#)#
.........................
##.####@####.##.##.#.#.#
#.#..e.# #....##.#.#.#
...####.#.#############.#.#.#
........)....................
...####.#.####<########....##
#.#... #....# #.#..... #<...#
.........# ###.## ....####.
##.##


You could see Duvessa (berserk) and Menkaure.

Vanquished Creatures
  Dowan (D:4)
  A hound (D:3)
  Robin (D:4)
  4 adders
  4 gnolls
  2 worms (D:3)
  A giant gecko (D:1)
  3 ball pythons (D:3)
  8 bats
  3 giant cockroaches
  6 hobgoblins
  8 jackals
  2 quokkas
  2 giant newts
  14 goblins
  5 kobolds
  9 rats
74 creatures vanquished.

Vanquished Creatures (collateral kills)
  A gnoll (D:2)
1 creature vanquished.

Grand Total: 75 creatures vanquished

Notes
Turn   | Place    | Note
--------------------------------------------------------------
     0 | D:1      | xeno23, the Draconian Wizard, began the quest for the Orb.
     0 | D:1      | Reached XP level 1. HP: 14/14 MP: 4/4
   158 | D:1      | Reached XP level 2. HP: 2/20 MP: 0/6
   221 | D:1      | Learned a level 2 spell: Call Imp
  1035 | D:2      | Found a glowing golden altar of the Shining One.
  1199 | D:2      | Reached XP level 3. HP: 27/27 MP: 6/8
  1241 | D:2      | Reached skill level 1 in Fighting
  1250 | D:2      | Learned a level 3 spell: Conjure Flame
  1253 | D:2      | Learned a level 2 spell: Blink
  1395 | D:2      | Found a deep blue altar of Sif Muna.
  1733 | D:3      | Reached XP level 4. HP: 32/35 MP: 6/9
  2087 | D:3      | Found a glowing silver altar of Zin.
  2274 | D:3      | Reached XP level 5. HP: 33/41 MP: 6/11
  2474 | D:3      | Found a basalt altar of Yredelemnul.
  2710 | D:4      | Reached skill level 1 in Fire Magic
  2761 | D:4      | Noticed Robin
  2807 | D:4      | Killed Robin
  2891 | D:4      | Found a stormy altar of Qazlal.
  3011 | D:4      | Noticed Menkaure
  3014 | D:4      | Noticed Duvessa
  3126 | D:4      | Noticed Dowan
  3172 | D:4      | Killed Dowan
  3179 | D:4      | Slain by Duvessa

Action                   |  1- 3 |  4- 6 || total
-------------------------+-------+-------++-------
Melee: Unarmed           |   172 |       ||   172
       Spear             |    11 |   285 ||   296
Throw: Stone             |    17 |       ||    17
 Cast: Magic Dart        |    35 |    15 ||    50
       Conjure Flame     |     3 |     9 ||    12
       Call Imp          |     2 |     1 ||     3
       Blink             |       |     2 ||     2
 Stab: Sleeping          |     1 |     2 ||     3
       Distracted        |       |     1 ||     1
  Eat: Chunk             |     3 |     8 ||    11
